 Dungeon Crawl Stone Soup version 0.26-a0-412-ga3d1f51b80 (webtiles) character file.

Game seed: 3894466071544149122

18 Morbidden the Chopper (level 2, 0/25 HPs)
             Began as a Ghoul Gladiator on July 24, 2020.
             Slain by a jackal (3 damage)
             ... on level 1 of the Dungeon.
             The game lasted 00:00:32 (213 turns).

Morbidden the Chopper (Ghoul Gladiator)              Turns: 213, Time: 00:00:33

Health: 0/25       AC:  4    Str: 17    XL:     2   Next: 70%
Magic:  1/1        EV: 12    Int:  3    God:
Gold:   40         SH:  0    Dex: 10    Spells: 1/1 levels left

rFire    . . .     SeeInvis .   a - +0 war axe
rCold    + . .     Faith    .   (no shield)
rNeg     + + +     Spirit   .   b - +0 leather armour
rPois    ∞         Reflect  .   c - +0 helmet
rElec    .         Harm     .   (no cloak)
rCorr    .                      (no gloves)
MR       .....                  (no boots)
Stlth    +.........             (no amulet)
HPRegen  0.00/turn              (no ring)
MPRegen  0.07/turn              (no ring)

@: no status effects
A: rotting body, claws 1, cold resistance 1, negative energy resistance 3,
inhibited regeneration, torment resistance, unbreathing
a: no special abilities


You were on level 1 of the Dungeon.
You visited 1 branch of the dungeon, and saw 1 of its levels.

You collected 40 gold pieces.

Inventory:

Hand Weapons
 a - a +0 war axe (weapon)
Missiles
 d - 3 throwing nets (quivered)
Armour
 b - a +0 leather armour (worn)
 c - a +0 helmet (worn)
Scrolls
 e - a scroll of teleportation {unknown}
Potions
 f - a potion of curing {unknown}


   Skills:
 * Level 2.3 Fighting
 * Level 3.2 Axes
 + Level 1.8 Throwing
 + Level 2.8 Dodging
 + Level 0.2 Stealth


You had one spell level left.
You didn't know any spells.
Your spell library was empty.

Dungeon Overview and Level Annotations

Branches:
Dungeon (1/15)

Altars:


Innate Abilities, Weirdness & Mutations

Your body is rotting away.
You thrive by killing the living.
You are immune to poison.
You have sharp fingernails.
Your flesh is cold resistant. (rC+)
You are immune to negative energy. (rN+++)
You do not regenerate when monsters are visible.
You are immune to unholy pain and torment.
You can survive without breathing.


Message History

The rat bites you but does no damage.
You slash the rat!
You kill the rat!
The jackal closely misses you.
You hit the jackal.
The jackal is moderately wounded.
The jackal bites you but does no damage. x2
You barely miss the jackal.
The jackal is moderately wounded.
The jackal completely misses you. The jackal misses you.
You barely miss the jackal.
The jackal bites you but does no damage.
The jackal barely misses you.
Unknown command.
Unknown command.
You barely miss the jackal. The jackal barely misses you.
The jackal closely misses you.
You barely miss the jackal. The jackal misses you.
You closely miss the jackal. The jackal bites you.
You die...

#.# ##.###(#...#
#.# #.###(#...#
#.# #.....#.###
#.# ##..###.# ..#
#.)# #.# #.# #..#
#.# #######..###.#
#............#
#.###.#@####.#
#.#h# #.###
##.#g####...#
####...s†....#..#
...........).h...#
###..♣♣♣.†.♣♣♣...#
#.♣ #♣.♣# .# #.
♣.♣ # ♣.♣


You could see a jackal, a giant cockroach and a goblin.

Vanquished Creatures
  A leopard gecko (D:1)
  2 giant cockroaches (D:1)
  2 goblins (D:1)
  3 hobgoblins (D:1)
  2 jackals (D:1)
  2 bats (D:1)
  A kobold (D:1)
  2 rats (D:1)
15 creatures vanquished.

Notes
Turn   | Place    | Note
-------+----------+-------------------------------------------
     0 | D:1      | Morbidden the Ghoul Gladiator began the quest for the Orb.
     0 | D:1      | Reached XP level 1. HP: 17/17 MP: 0/0
   122 | D:1      | Reached skill level 3 in Axes
   122 | D:1      | Reached XP level 2. HP: 24/24 MP: 1/1
   213 | D:1      | Slain by a jackal

Illustrated notes

Levels and vault maps discovered:
D:1:      dpeg_arrival_arbitrary_b, layout_loops_ring, serial_forest,
          infiniplex_forest_straight_2, infiniplex_forest_lined_2,
          infiniplex_forest_clump_long, infiniplex_forest_straight_4,
          minmay_stone_trees_medium

Skill      XL: |  1 |
---------------+----+-----
Axes           | 3 |  3.2
Fighting       | |  2.3
Throwing       | |  1.8
Dodging        | |  2.8
Stealth        | |  0.2

Action                   || total
-------------------------++-------
Melee: War axe           ||    46
Armor: Leather armour    ||    16
Dodge: Dodged            ||    34

Table legend: (Time is in decaauts)
 A = Elapsed time spent in this place.
 B = Non-inter-level travel time spent in this place.
 C = Inter-level travel time spent in this place.
 D = Time resting spent in this place.
 E = Time spent auto-exploring this place.
 F = Levels seen in this place.
 G = Mean time per level.
                   A        B        C        D        E       F      G
               +--------+--------+--------+--------+--------+-----+--------+
         Total |    228 |    228 |      0 |      0 |    127 |   1 |  228.0 |
       Dungeon |    228 |    228 |      0 |      0 |    127 |   1 |  228.0 |
               +--------+--------+--------+--------+--------+-----+--------+

Top non-repeatable levels by time:
     D:1: 228 daAuts
